 Dungeon Crawl Stone Soup version 0.17-a0-1337-ge651487 (webtiles) character file.

23 nuthulu the Charmwright (level 2, 0/25 HPs)
             Began as a Draconian Skald on June 10, 2015.
             Succumbed to an adder's poison
             ... on level 4 of the Dungeon.
             The game lasted 00:03:07 (877 turns).

nuthulu the Charmwright (Draconian Skald)            Turns: 877, Time: 00:03:07

Health: 0/25       AC:  4    Str: 14    XL:     2   Next: 72%
Magic:  5/5        EV: 12    Int: 12    God:
Gold:   67         SH:  0    Dex: 10    Spells: 3 memorised, 0 levels left

rFire  . . .     SeeInvis .     a - +0 mace
rCold  . . .     Clarity  .     (armour unavailable)
rNeg   . . .     SustAt   .     (no shield)
rPois  .         Gourm    .     (helmet restricted)
rElec  .         Spirit   .     (no cloak)
rCorr  .         Warding  .     (no gloves)
rMut   .         Stasis   .     (no boots)
MR     .....                    (no amulet)
Stlth  +.........               (no ring)
                                (no ring)

@: lethally poisoned (0 -> -8), not resistant to hostile enchantments, very
unstealthy
A: unfitting armour, cold-blooded, AC +4
a: no special abilities


You were on level 4 of the Dungeon.
You were not hungry.

You visited 1 branch of the dungeon, and saw 4 of its levels.

You collected 67 gold pieces.

Inventory:

Hand weapons
 a - a +0 mace (weapon)
Scrolls
 f - a scroll of blinking {unknown}
 g - a scroll of magic mapping {unknown}
Potions
 d - a potion of heal wounds
 e - a potion of curing
Books
 b - a book of Battle

   Spells                             Type                      Level
   a - Infusion                       Charms                       1
   b - Shroud of Golubria             Charms/Translocation         2
   c - Song of Slaying                Charms                       2
   d - Spectral Weapon                Hexes/Charms                 3
   e - Regeneration                   Charms/Necromancy            3
Comestibles
 c - 2 bread rations


   Skills:
 + Level 2.5 Fighting
 + Level 2.2 Maces & Flails
 * Level 1.8 Dodging
 + Level 2.2 Spellcasting
 + Level 2.8 Charms


You couldn't memorise any spells.
You knew the following spells:

 Your Spells              Type           Power        Failure   Level  Hunger
a - Infusion              Chrm           #.....       12%         1    ##.....
b - Shroud of Golubria    Chrm/Tloc      #.........   28%         2    ###....
c - Song of Slaying       Chrm           #.......     14%         2    ###....


Dungeon Overview and Level Annotations

Branches:
Dungeon (4/15)
 Temple: D:4-7

Altars:


Innate Abilities, Weirdness & Mutations

Your plain brown scales are hard (AC +4).
Your body does not fit into most forms of armour.
You are cold-blooded and may be slowed by cold attacks.


Message History

The hound bites you.
You barely miss the adder.
You tail-slap the adder, but do no damage.
The adder is heavily wounded.
The hound bites you. The adder closely misses you.
The hound bites you but does no damage. The adder bites you but does no damage.
You barely miss the adder.
The adder is heavily wounded.
You feel sick. The hound closely misses you. The adder misses you.
The hound bites you.
* * * LOW HITPOINT WARNING * * *
The adder bites you.
* * * LOW HITPOINT WARNING * * *
You are more poisoned.
The adder poisons you! The giant cockroach barely misses you.
Unknown command.
Unknown command.
You barely miss the adder.
The adder is heavily wounded.
You die...

..........# .......
..#######
.......##.#.....#
#.........#.###.#########
+......................<#
#.........##....#########
###......)......#
#........#.....#
#..$...h@......#
.....###.Ss.)...# #....
#........# ....
#....#...# ....
.......... .....#...##
....##...# .....# ...#


You could see a hound, an adder and a giant cockroach.

Vanquished Creatures
  An ooze (D:1)
  3 bats (D:1)
  A giant cockroach (D:1)
  3 hobgoblins (D:1)
  A giant newt (D:1)
  2 goblins
  3 kobolds (D:1)
  4 rats (D:1)
18 creatures vanquished.

Notes
Turn   | Place    | Note
--------------------------------------------------------------
     0 | D:1      | nuthulu the Draconian Skald began the quest for the Orb.
     0 | D:1      | Reached XP level 1. HP: 17/17 MP: 3/3
   295 | D:1      | Reached XP level 2. HP: 22/25 MP: 5/5
   571 | D:1      | Learned a level 2 spell: Shroud of Golubria
   574 | D:1      | Learned a level 2 spell: Song of Slaying
   876 | D:4      | HP: 1/25 [adder (5)]
   877 | D:4      | Succumbed to an adder's poison

Vault maps used:
D:1:      lightli_arrival_isolated_outpost
D:2:      amalloy_card_club, uniq_jessica, uniq_natasha, uniq_iyjb, uniq_robin
D:3:      kennysheep_goblin_castle, uniq_crazy_yiuf_cottage
D:4:      first_bread, st_stairs_7, hangedman_minor_gate_pass, uniq_menkaure

Action                   || total
-------------------------++-------
Melee: Mace              ||    78
 Cast: Infusion          ||     1
  Use: Scroll            ||     2
       Potion            ||     2
 Stab: Sleeping          ||     1
